 Dungeon Crawl Stone Soup version 0.23.2-33-g5129a83184 (webtiles) character file.

Game seed: 946019802322307749

16 Acheron the Gusty (level 2, 0/23 HPs)
             Began as a Draconian Air Elementalist on July 23, 2019.
             Slain by a leopard gecko (1 damage)
             ... on level 1 of the Dungeon.
             The game lasted 00:06:52 (924 turns).

Acheron the Gusty (Draconian Air Elementalist)       Turns: 924, Time: 00:06:52

Health: 0/23       AC:  4    Str: 10    XL:     2   Next: 41%
Magic:  2/5        EV: 12    Int: 15    God:
Gold:   10         SH:  0    Dex: 11    Spells: 4/5 levels left

rFire    . . .     SeeInvis .   a - +0 dagger
rCold    . . .     Gourm    .   (no shield)
rNeg     . . .     Faith    .   (armour unavailable)
rPois    .         Spirit   .   (helmet restricted)
rElec    .         Reflect  .   (no cloak)
rCorr    .         Harm     .   (no gloves)
MR       .....                  (no boots)
Stlth    ++........             (no amulet)
HPRegen  0.07/turn              (no ring)
MPRegen  0.09/turn              (no ring)

@: no status effects
A: unfitting armour, cold-blooded, AC +4
a: no special abilities


You were on level 1 of the Dungeon.
You were hungry.

You visited 1 branch of the dungeon, and saw 1 of its levels.

You collected 10 gold pieces.

Inventory:

Hand Weapons
 a - a +0 dagger (weapon)
Missiles
 f - 16 stones (quivered)
Scrolls
 c - a scroll of remove curse
 e - 2 scrolls of identify
Comestibles
 b - 2 rations
 d - 2 chunks of flesh


   Skills:
 * Level 1.2 Fighting
 * Level 1.9 Dodging
 * Level 1.9 Stealth
 + Level 0.1 Unarmed Combat
 * Level 2.0 Spellcasting
 * Level 1.1 Conjurations
 + Level 3.2 Air Magic


You had 4 spell levels left.
You knew the following spells:

 Your Spells              Type           Power        Failure   Level  Hunger
a - Shock                 Conj/Air       #...         9%          1    #......

Your spell library contained the following spells:

 Spells                   Type           Power        Failure   Level  Hunger
 Swiftness                Chrm/Air       #.......     17%         2    ###....
 Static Discharge         Conj/Air       #.......     26%         3    ###....
 Airstrike                Air            ##........   50%         4    #####..
 Lightning Bolt           Conj/Air       #.........   94%         5    ######.


Dungeon Overview and Level Annotations

Branches:
Dungeon (1/15)

Altars:


Innate Abilities, Weirdness & Mutations

Your plain brown scales are hard. (AC +4)
You cannot fit into any form of body armour.
You are cold-blooded and may be slowed by cold attacks.


Message History

You kill the jackal!
The leopard gecko closely misses you. The leopard gecko barely misses you.
You barely miss the jackal. The jackal bites you.
* * * LOW HITPOINT WARNING * * *
The leopard gecko barely misses you.
You aren't carrying any potions.
You closely miss the jackal.
The jackal bites you but does no damage.
The leopard gecko bites you but does no damage.
The jackal closely misses you.
You barely miss the jackal.
The leopard gecko bites you but does no damage.
The jackal bites you but does no damage.
You hit the jackal but do no damage.
The jackal bites you but does no damage.
The leopard gecko closely misses you. The jackal closely misses you.
You barely miss the jackal.
The leopard gecko bites you but does no damage.
The jackal closely misses you. The leopard gecko bites you.
You die...

#. ###..#### #.
#####.#..#... #.
#....#.....## #.
#.#.###......
#.#####.........###
#.......#.###.#....
#.........# #..####
##h######.# #.# #@#
#.....# #l# ###.###


#gg ... #... .## #.... # #..... #...... ......## You could see a leopard gecko,
a jackal, a hobgoblin and a goblin.

Vanquished Creatures
  A dart slug (D:1)
  A hobgoblin (D:1)
  7 jackals (D:1)
  A kobold (D:1)
  A bat (D:1)
  A frilled lizard (D:1)
12 creatures vanquished.

Notes
Turn   | Place    | Note
-------+----------+-------------------------------------------
     0 | D:1      | Acheron the Draconian Air Elementalist began the quest for
                  | the Orb.
     0 | D:1      | Reached XP level 1. HP: 14/14 MP: 3/3
   264 | D:1      | Reached skill level 1 in Fighting
   518 | D:1      | Reached XP level 2. HP: 23/23 MP: 1/5
   920 | D:1      | HP: 1/23 [jackal (2)]
   924 | D:1      | Slain by a leopard gecko

Skill      XL: |  1 |
---------------+----+-----
Fighting       | 1 |  1.2
Dodging        | |  1.9
Stealth        | |  1.9
Unarmed Combat | |  0.1
Spellcasting   | |  2.0
Conjurations   | |  1.1
Air Magic      | |  3.2

Action                   || total
-------------------------++-------
Melee: Unarmed           ||   105
       Tailslap          ||     8
       Dagger            ||     7
 Cast: Shock             ||    22
  Use: Scroll            ||     1
Armor: Skin              ||    43
Dodge: Dodged            ||   104
